 Dungeon Crawl Stone Soup version 0.30-a0-696-g2367cd04db (webtiles) character file.

Game seed: 2918832338280507852

56 wormed the Firebug (level 3, -30/24 HPs)
             Began as a Demonspawn Fire Elementalist on Jan 20, 2023.
             Killed by an exploding adder (33 damage)
             ... ignited by their inner flame
             ... on level 2 of the Dungeon.
             The game lasted 00:02:28 (2067 turns).

wormed the Firebug (Demonspawn Fire Elementalist)   Turns: 2067, Time: 00:02:28

Health: -30/24     AC:  5    Str:  8    XL:     3   Next: 69%
Magic:  0/7        EV:  8    Int: 18    God:
Gold:   68         SH:  0    Dex: 13    Spells: 1/7 levels left

rFire   . . .      SeeInvis .    e - +0 dagger
rCold   . . .      Faith    .    (no shield)
rNeg    . . .      Spirit   .    i - +0 leather armour
rPois   .          Reflect  .    h - +0 helmet
rElec   .          Harm     .    (no cloak)
rCorr   .          Rampage  .    c - +0 pair of gloves
Will    .....                    (no boots)
Stlth   ++                       (no amulet)
HPRegen 0.24/turn                (no ring)
MPRegen 0.10/turn                (no ring)

@: lethally poisoned (-30 -> -33), constricted
A: hooves 1, ignite blood 1
a: no special abilities


You were on level 2 of the Dungeon.
You visited 1 branch of the dungeon, and saw 2 of its levels.

You collected 68 gold pieces.

Inventory:

Hand Weapons
 e - a +0 dagger (weapon)
Armour
 c - a +0 pair of gloves (worn)
 h - a +0 helmet (worn)
 i - a +0 leather armour (worn)


   Skills:
 - Level 1.7 Dodging
 - Level 1.7 Stealth
 + Level 2.7 Spellcasting
 + Level 2.2 Conjurations
 + Level 3.3 Fire Magic


You had one spell level left.
You knew the following spells:

 Your Spells              Type           Power      Damage    Failure   Level
a - Foxfire               Conj/Fire      48%        2x1d6     8%          1
b - Scorch                Fire           28%        2d6       10%         2
c - Inner Flame           Hex/Fire       8%         N/A       36%         3

Your spell library contained the following spells:

 Spells                   Type           Power      Damage    Failure   Level
 Kindle Blastsparks       Fire/Tloc/Air  12%        2d11      43%         3
 Flame Wave               Conj/Fire      12%        2d6       61%         4


Dungeon Overview and Level Annotations

Branches:
Dungeon (2/15)

Altars:


Innate Abilities, Weirdness & Mutations

You have large cloven feet.
Your demonic aura sometimes causes spilled blood to erupt in flames.


Message History

* * * LOW HITPOINT WARNING * * *
You feel sick.
Casting: Scorch (safe; 10% risk of failure)
Confirm with . or Enter, or press ? or * to list all spells.
You don't have enough magic to cast this spell.
As you read the scroll of immolation, it crumbles to dust.
The creatures around you are filled with an inner flame!
* * * LOW HITPOINT WARNING * * *
You feel sick.
The adder bites you but does no damage. x2
The ball python bites you but does no damage.
The ball python closely misses you. The gnoll hits you but does no damage.
Casting: Scorch (safe; 10% risk of failure)
Confirm with . or Enter, or press ? or * to list all spells.
You don't have enough magic to cast this spell.
Casting: Scorch (safe; 10% risk of failure)
Confirm with . or Enter, or press ? or * to list all spells.
You don't have enough magic to cast this spell.
Casting: Scorch (safe; 10% risk of failure)
Confirm with . or Enter, or press ? or * to list all spells.
You don't have enough magic to cast this spell.
Casting: Scorch (safe; 10% risk of failure)
Confirm with . or Enter, or press ? or * to list all spells.
You conjure some foxfire!
* * * LOW HITPOINT WARNING * * *
You feel sick. The adder barely misses you.
The ball python bites you but does no damage.
The ball python grabs you. The ball python constricts you.
The gnoll barely misses you.
You hit the adder.
Flame seeps out of the adder.
The adder is lightly wounded.
* * * LOW HITPOINT WARNING * * *
You feel sick.
The foxfire hits the adder.
Flame seeps out of the adder.
The adder is heavily wounded.
The foxfire hits the gnoll.
Flame seeps out of the gnoll.
The gnoll is almost dead.
The adder is engulfed in blazing flames.
The adder explodes!
The fiery explosion engulfs you!!
Ouch! That really hurt!
You die...

. ##†### #..#.
#S..###.##.
#####...#.##.
######..w....#.##.
#.......####..>...
#.......# #.......
#.......#######...
##.S§........ ....
#.@○g....#### ....
#....§.........
.###
#.##.##.####### #
.. ..# #.. ... ...
..## .... .# #....


You could see a worm, a gnoll (inner flame) and a ball python (inner flame).

Vanquished Creatures
  A gnoll (D:2)
  2 adders (D:2)
  3 ball pythons
  2 bats
  2 endoplasms (D:1)
  4 giant cockroaches
  6 goblins (D:1)
  6 hobgoblins
  2 kobolds (D:1)
  A quokka (D:1)
  2 frilled lizards (D:1)
  3 rats (D:1)
34 creatures vanquished.

Vanquished Creatures (others)
  135 foxfires
  A fungus (D:2)
136 creatures vanquished.

Grand Total: 170 creatures vanquished

Notes
Turn   | Place    | Note
-------+----------+-------------------------------------------
     0 | D:1      | wormed the Demonspawn Fire Elementalist began the quest for
                  | the Orb.
     0 | D:1      | Reached XP level 1. HP: 13/13 MP: 3/3
   226 | D:1      | Gained mutation: Your demonic aura sometimes causes spilled
                  | blood to erupt in flames. [demonic ancestry]
   226 | D:1      | Reached XP level 2. HP: 6/19 MP: 1/5
   508 | D:1      | Reached skill level 3 in Fire Magic
  1268 | D:1      | Gained mutation: You have large cloven feet. [demonic
                  | ancestry]
  1268 | D:1      | Reached XP level 3. HP: 24/24 MP: 3/6
  1271 | D:1      | Learned a level 2 spell: Scorch
  1275 | D:1      | Learned a level 3 spell: Inner Flame
  2067 | D:2      | Killed by an exploding adder... ignited by their inner
                  | flame

Illustrated notes

Levels and vault maps discovered:
D:1:      minmay_arrival_widening_spiral_wide, layout_basic
D:2:      layout_basic, shapermc_ecumenical_altar_rom_forum, uniq_robin

Skill      XL: |  1  2  3 |
---------------+----------+-----
Fire Magic     | 3 |  3.3
Conjurations   | 2 |  2.2
Dodging        | |  1.7
Stealth        | |  1.7
Spellcasting   | |  2.7

Action                   || total
-------------------------++-------
Melee: Unarmed           ||    27
       Dagger            ||    10
       Kick              ||     4
 Cast: Foxfire           ||    76
       Scorch            ||    11
  Use: Potion            ||     3
       Scroll            ||     3
 Stab: Sleeping          ||     1
Armor: Robe              ||    14
       Leather armour    ||    21
Dodge: Dodged            ||    47

Table legend: (Time is in decaauts)
 A = Elapsed time spent in this place.
 B = Non-inter-level travel time spent in this place.
 C = Inter-level travel time spent in this place.
 D = Time resting spent in this place.
 E = Time spent auto-exploring this place.
 F = Levels seen in this place.
 G = Mean time per level.
                   A        B        C        D        E       F      G
               +--------+--------+--------+--------+--------+-----+--------+
         Total |   2066 |   1853 |    213 |      0 |   1519 |   2 | 1033.0 |
       Dungeon |   2066 |   1853 |    213 |      0 |   1519 |   2 | 1033.0 |
               +--------+--------+--------+--------+--------+-----+--------+

Top non-repeatable levels by time:
     D:1: 1809 daAuts
     D:2: 256 daAuts
